 Dungeon Crawl Stone Soup version 0.32-a0-407-g4da7c8d6d1 (webtiles) character file.

Game seed: 11617461654617590741

5180 kae the Cleaver (level 10, -15/94 HPs)
             Began as a Mountain Dwarf Fighter on Feb 20, 2024.
             Demolished by an ogre
             ... wielding a +0 halberd
              (25 damage)
             ... in a bailey.
             The game lasted 00:06:20 (6650 turns).

kae the Cleaver (Mountain Dwarf Fighter)            Turns: 6650, Time: 00:06:21

Health: -15/94     AC: 10    Str: 24    XL:     10   Next: 34%
Magic:  10/10      EV: 10    Int:  8    God:
Gold:   437        SH:  4    Dex:  9    Spells: 9/9 levels left

rFire   . . .        a - +0 war axe
rCold   . . .        c - +0 buckler
rNeg    . . .        m - +1 ring mail {rPois}
rPois   +            (no helmet)
rElec   .            v - +0 cloak
rCorr   .            (no gloves)
SInv    .            f - +0 pair of boots
Will    +....        (no amulet) Stlth
                     (no ring)
HPRegen 0.35/turn    (no ring)
MPRegen 0.12/turn

%: no passive effects
@: brilliant, hasted, very quick
A: runic magic, artefact enchanting
a: no special abilities


You were in a bailey.
You visited 1 branch of the dungeon, and saw 7 of its levels.
You also visited: Sewer, Ossuary and Bailey.

You collected 437 gold pieces.


Innate Abilities, Weirdness & Mutations

Your spellcasting is much less encumbered by armour.
You can use scrolls of enchantment on lesser artefacts.


   Skills:
 - Level 10.8 Fighting
 + Level 14.9 Axes
 - Level 8.1 Armour
 - Level 3.2 Shields


You had 9 spell levels left.
You didn't know any spells.
Your spell library contained the following spells:

 Spells                   Type           Power      Damage    Failure   Level
 Apportation              Tloc           0%         N/A       50%         1
 Freeze                   Ice            0%         1d3       50%         1
 Kiss of Death            Conj/Necr      0%         2d5       50%         1
 Necrotise                Necr           0%         1d4       50%         1
 Sting                    Conj/Alch      0%         1d3       50%         1
 Summon Small Mammal      Summ           0%         N/A       50%         1
 Confusing Touch          Hex            0%         N/A       86%         3
 Frozen Ramparts          Ice            0%         1d1       86%         3
 Hailstorm                Conj/Ice       0%         3d5       86%         3
 Dispel Undead            Necr           0%         3d6       99%         4

Inventory:

Hand Weapons
 a - a +0 war axe (weapon)
Missiles
 e - 4 curare-tipped darts {=f}
 g - 98 stones (quivered)
 q - 2 poisoned darts
 u - 3 boomerangs
Armour
 b - a +0 scale mail
 c - a +0 buckler (worn)
 f - a +0 pair of boots (worn)
   (You found it on level 1 of the Dungeon)
 m - a +1 ring mail of poison resistance (worn)
   (You found it on level 2 of the Dungeon)
 v - a +0 cloak (worn)
   (You found it on level 5 of the Dungeon)
Magical Staves
 j - a staff of air {!a}
   (You found it on level 3 of the Dungeon)
 k - a staff of alchemy {!a}
   (You found it on level 1 of the Dungeon)
Jewellery
 F - a ring of fire
   (You found it on level 3 of the Dungeon)
Wands
 A - a wand of quicksilver (8)
   (You found it on level 6 of the Dungeon)
Scrolls
 t - 2 scrolls of teleportation {@r4}
 y - 2 scrolls of torment {!r}
Potions
 d - 3 potions of might
 h - 5 potions of enlightenment
 i - 2 potions of curing {@q1}
 l - 4 potions of cancellation
 n - 3 potions of brilliance
 r - a potion of haste {@q3}
 s - a potion of magic
 w - a potion of ambrosia {unknown}
 z - a potion of degeneration {!q}

Dungeon Overview and Level Annotations

Branches:
Dungeon (7/15) Zot: 26846   Sewer (visited)         Ossuary (visited)
 Bailey (1/1) Zot: 5845
 Temple: D:4-7

Altars:

Shops:
D:4 [

Annotations:
D:6 2 transporters, nj0rd12's ghost, novice GnFE

#....∩...∩....#
##...........##
##.........##
###~~~~~###
#~~~~~#
##~~~~~##
##...)...##
#.........##
#..#######@O##
#..# ♣#OO##
#..# ##..##
#..♣ ##..# #..
#..# #. #..#
#).# . #O.# ..
#O.#


You could see a two-headed ogre and 2 ogres.


Message History

You see here a +0 trident.
The ogre hits you with a +0 halberd!!
* * * LOW HITPOINT WARNING * * *
😱 HP[-22]
You take 22 damage, and now have 22/94 hp.
MASSIVE DAMAGE!! (PAUSE)
You barely miss the ogre. The ogre barely misses you.
You barely miss the ogre. You slash the ogre!
The ogre closely misses you. 😱 HP[+1]
You slash the ogre!
You kill the ogre!
An ogre comes into view. It is wielding a +0 halberd.
The ogre shouts!
You see here a +0 halberd.
The ogre barely misses you. 😨 HP[+1]
A two-headed ogre comes into view. It is wielding two +0 halberds.
The two-headed ogre shouts in stereo!
A spriggan comes into view. It is wielding a +0 spear.
You barely miss the ogre.
The spriggan shouts!
The two-headed ogre shouts in stereo!
The ogre hits you with a +0 halberd!
* * * LOW HITPOINT WARNING * * *
😱 HP[-11]
You take 11 damage, and now have 13/94 hp.
You hit the ogre.
The two-headed ogre shouts in stereo!
You slash the ogre!
The two-headed ogre shouts in stereo! 😱 HP[+1]
The two-headed ogre shouts in stereo!
You hear a roar!
Things that are here:
a +0 spear; a spriggan corpse; 😱 HP[+1]
You flicker for a moment.
Things that are here:
a +0 spear; a spriggan corpse You feel better. 😨 HP[+9]
You regained 9 hp, and now have 24/94 hp.
You feel yourself speed up. 😨 HP[+1]
Things that are here:
a +0 halberd; an ogre corpse You flicker back into view. 😨 HP[+1]
The spriggan hits you from afar with a +0 spear!
* * * LOW HITPOINT WARNING * * *
😱 HP[-8]
You take 8 damage, and now have 18/94 hp.
Unknown command.
You block the spriggan's attack. 😱 HP[+1]
The spriggan hits you with a +0 spear.
* * * LOW HITPOINT WARNING * * *
😱 HP[-4]
You take 4 damage, and now have 15/94 hp.
You barely miss the spriggan.
Unknown command.
You slice the spriggan!! You block the ogre's attack.
The spriggan hits you with a +0 spear.
* * * LOW HITPOINT WARNING * * *
😱 HP[-6]
You take 6 damage, and now have 9/94 hp.
You slash the spriggan!
You kill the spriggan! 😱 HP[+1] 😱 HP[+1]
You feel better. 😱 HP[+8]
You regained 8 hp, and now have 19/94 hp.
You feel better. 😨 HP[+5]
You regained 5 hp, and now have 24/94 hp.
It was a potion of brilliance.
You feel clever all of a sudden.
You feel better.
You feel a little less mighty now. 😨 HP[+6]
You regained 6 hp, and now have 30/94 hp.
Okay, then.
Okay, then.
Okay, then. 😨 HP[+1]
You hit the two-headed ogre. You hit the ogre.
The two-headed ogre hits you but does no damage.
The two-headed ogre closely misses you. The ogre closely misses you.
Unknown command.
You slice the two-headed ogre!! You slash the ogre!
The ogre hits you from afar with a +0 halberd!
* * * LOW HITPOINT WARNING * * *
😱 HP[-13]
You take 13 damage, and now have 18/94 hp.
You hit the two-headed ogre. You slash the ogre!
The two-headed ogre hits you with a +0 halberd.
* * * LOW HITPOINT WARNING * * *
The two-headed ogre hits you with a +0 halberd!
* * * LOW HITPOINT WARNING * * *
The ogre hits you with a +0 halberd!!
You die...

Skill      XL: |  1  2  3  4  5  6  7  8  9 |
---------------+----------------------------+-----
Axes           | 3 4 5 6 7 9 11 14 | 14.9
Fighting       | 10 | 10.8
Armour         | 8 |  8.1
Shields        | |  3.2

Action                     |  1- 3 |  4- 6 |  7- 9 | 10-12 || total
---------------------------+-------+-------+-------+-------++-------
  Melee: War axe           |    81 |   228 |   251 |    54 ||   614
    Use: Scroll            |     5 |     3 |     8 |       ||    16
         Potion            |       |     2 |     4 |    11 ||    17
   Stab: Invisible         |       |     1 |       |       ||     1
 Armour: Scale mail        |    53 |     6 |       |       ||    59
         Ring mail         |       |   150 |   127 |    48 ||   325
  Dodge: Dodged            |    41 |   143 |    80 |    24 ||   288
  Block: Buckler           |    21 |    40 |    34 |    13 ||   108

Levels and vault maps discovered:
D:1:      lemuel_arrival_hallway, layout_loops_cross,
          amcnicky_mini_rare_corridor_liquid, minmay_tetromino_i2
D:2:      layout_basic
D:3:      minmay_razor_zed, layout_basic
D:4:      layout_basic, serial_shops, nicolae_shop_crystal, gup_sewer_entry_bowl
D:5:      layout_basic
D:6:      layout_rooms, nicolae_ossuary_entry_giza, gammafunk_ghost_smash,
          kennysheep_generic_room_11, uniq_menkaure, uniq_pikel
D:7:      layout_basic, temple_hall, enter_bailey_2, uniq_jeremiah, uniq_duvessa
Bailey:   bailey_polearm_enchanted_keep_hellmonk, bailey

Notes
Turn   | Place    | Note
-------+----------+-------------------------------------------
     0 | D:1      | kae the Mountain Dwarf Fighter began the quest for the Orb.
     0 | D:1      | Reached XP level 1. HP: 19/19 MP: 1/1
     0 | D:1      | magus.rc [v1.11.3]
   128 | D:1      | Reached skill level 3 in Axes
   141 | D:1      | Reached XP level 2. HP: 26/26 MP: 2/2
   338 | D:1      | Reached skill level 4 in Axes
   433 | D:1      | Reached XP level 3. HP: 31/31 MP: 3/3
   584 | D:1      | You pick up a book of Cantrips and begin reading...
   584 | D:1      | You add the spells Sting, Necrotise, Summon Small Mammal
                  | and Apportation to your library.
   870 | D:2      | Reached skill level 5 in Axes
   898 | D:2      | Reached XP level 4. HP: 37/38 MP: 4/4
  1112 | D:2      | Reached skill level 6 in Axes
  1605 | D:3      | Reached XP level 5. HP: 44/45 MP: 5/5
  1736 | D:3      | Reached skill level 7 in Axes
  2084 | D:3      | Reached XP level 6. HP: 51/51 MP: 6/6
  2493 | D:4      | Reached skill level 8 in Axes
  2613 | D:4      | Found a glowing drain.
  2617 | Sewer    | Entered a sewer
  2706 | Sewer    | Reached skill level 9 in Axes
  2797 | Sewer    | Reached XP level 7. HP: 48/57 MP: 7/7
  2837 | Sewer    | Found a viscous altar of Jiyva.
  3046 | D:4      | Found Kocsyrgho's Armour Shoppe.
  3318 | D:4      | Reached skill level 10 in Axes
  3553 | D:5      | Entered Level 5 of the Dungeon
  3605 | D:5      | HP: 14/57 [sleepcap (10)]
  3608 | D:5      | HP: 4/57 [sleepcap (8)]
  4240 | D:5      | You pick up a book of Touch and begin reading...
  4240 | D:5      | You add the spells Kiss of Death, Confusing Touch and
                  | Dispel Undead to your library.
  4345 | D:5      | Reached skill level 11 in Axes
  4847 | D:5      | Reached XP level 8. HP: 58/63 MP: 8/8
  5083 | D:6      | Reached skill level 12 in Axes
  5134 | D:6      | Noticed Menkaure
  5148 | D:6      | Killed Menkaure
  5175 | D:6      | Noticed Pikel
  5207 | D:6      | Killed Pikel
  5208 | D:6      | Reached skill level 13 in Axes
  5214 | D:6      | Found a sand-covered staircase.
  5217 | D:6      | HP: 10/63 [mummy (15)]
  5224 | Ossuary  | Entered an ossuary
  5647 | Ossuary  | Reached skill level 14 in Axes
  5647 | Ossuary  | Reached XP level 9. HP: 55/70 MP: 9/9
  6201 | D:6      | Noticed nj0rd12's ghost (novice GnFE)
  6203 | D:6      | Identified the +4 great mace "Qogent" {drain, Str+5 Int+2}
  6203 | D:6      | Noticed a two-headed ogre
  6204 | D:6      | Found a transporter.
  6208 | D:6      | Found a transporter.
  6280 | D:6      | You pick up a book of Frost and begin reading...
  6280 | D:6      | You add the spells Freeze, Frozen Ramparts and Hailstorm to
                  | your library.
  6284 | D:6      | Identified a potion of experience
  6285 | D:6      | Reached skill level 10 in Fighting
  6285 | D:6      | Reached skill level 8 in Armour
  6285 | D:6      | Reached XP level 10. HP: 94/94 MP: 10/10
  6373 | D:7      | Found a flagged portal.
  6483 | Bailey   | Entered a bailey
  6591 | Bailey   | HP: 21/94 [spriggan/+0 spear (7)]
  6594 | Bailey   | HP: 8/94 [spriggan/+0 spear (4)]
  6604 | Bailey   | HP: 22/94 [ogre/+0 halberd (23)]
  6611 | Bailey   | Noticed a two-headed ogre
  6612 | Bailey   | HP: 13/94 [ogre/+0 halberd (11)]
  6626 | Bailey   | HP: 18/94 [spriggan/+0 spear (8)]
  6631 | Bailey   | HP: 9/94 [spriggan/+0 spear (6)]
  6649 | Bailey   | HP: 18/94 [ogre/+0 halberd (13)]
  6650 | Bailey   | Demolished by an ogre

Vanquished Creatures
  Pikel (D:6)
  4 spriggans (Bailey)
  Menkaure (D:6)
  An orc warrior (D:7)
  A black bear (D:4)
  An ice beast (D:6)
  4 ogres
  3 lemures (D:6)
  2 phantoms
  2 scorpions
  3 bombardier beetles (D:5)
  6 jellies
  2 orc priests (D:3)
  2 sleepcaps
  4 hounds
  An iguana (D:4)
  9 mummies
  4 gnolls (D:5)
  14 adders
  3 river rats
  A shadow imp (D:6)
  A white imp (D:7)
  6 dart slugs
  4 ribbon worms
  5 orcs
  12 bats
  6 endoplasms
  5 giant cockroaches
  2 gnoll zombies (Ossuary)
  7 goblins
  7 hobgoblins
  6 jackals (D:3)
  5 quokkas
  9 ball pythons
  6 frilled lizards
  4 hobgoblin zombies
  12 kobolds
  4 kobold zombies
  10 rats
180 creatures vanquished.

Table legend:
 A = Non-vault XP
 B = Vault XP
 C = Vault XP percentage of total XP
 D = Non-vault monster count
 E = Vault monster count
 F = Vault count percentage of total count
                 A         B        C        D         E       F
            +---------+---------+-------+---------+---------+-------
      Total |    1892 |    2639 |  58.2 |     106 |      71 |  40.1
            +---------+---------+-------+---------+---------+-------
        D:1 |      43 |       2 |   4.4 |      16 |       1 |   5.9
        D:2 |     134 |       0 |   0.0 |      23 |       0 |   0.0
        D:3 |     159 |     100 |  38.6 |      26 |      13 |  33.3
        D:4 |     266 |      19 |   6.7 |      14 |       3 |  17.6
        D:5 |     473 |       0 |   0.0 |      13 |       0 |   0.0
        D:6 |     467 |     838 |  64.2 |       7 |       6 |  46.2
        D:7 |     350 |       0 |   0.0 |       7 |       0 |   0.0
      Sewer |       0 |     264 | 100.0 |       0 |      25 | 100.0
    Ossuary |       0 |     173 | 100.0 |       0 |      16 | 100.0
     Bailey |       0 |    1243 | 100.0 |       0 |       7 | 100.0
            +---------+---------+-------+---------+---------+-------

Skill      XL: |  1  2  3  4  5  6  7  8  9 |
---------------+----------------------------+-----
Axes           | 3 4 5 6 7 9 11 14 | 14.9
Fighting       | 10 | 10.8
Armour         | 8 |  8.1
Shields        | |  3.2

Action                     |  1- 3 |  4- 6 |  7- 9 | 10-12 || total
---------------------------+-------+-------+-------+-------++-------
  Melee: War axe           |    81 |   228 |   251 |    54 ||   614
    Use: Scroll            |     5 |     3 |     8 |       ||    16
         Potion            |       |     2 |     4 |    11 ||    17
   Stab: Invisible         |       |     1 |       |       ||     1
 Armour: Scale mail        |    53 |     6 |       |       ||    59
         Ring mail         |       |   150 |   127 |    48 ||   325
  Dodge: Dodged            |    41 |   143 |    80 |    24 ||   288
  Block: Buckler           |    21 |    40 |    34 |    13 ||   108

Illustrated notes

Table legend:
 A = Kills in this place as a percentage of kills in the entire game.
 B = Kills by you in this place as a percentage of kills by you in the entire game.
 C = Kills by friends in this place as a percentage of kills by friends in the entire game.
 D = Other kills in this place as a percentage of other kills in the entire game.
 E = Experience gained in this place as a percentage of experience gained in the entire game.
 F = Experience gained in this place divided by the number of levels of this place that you have seen.
                   A       B       C       D       E      F
               +-------+-------+-------+-------+-------+----------------------
         Total | 100.0 | 100.0 |   N/A |   N/A | 100.0 | 453.1
       Dungeon |  72.9 |  72.9 |   N/A |   N/A |  62.9 | 407.3
         Sewer |  14.1 |  14.1 |   N/A |   N/A |   5.8 | 264.0
       Ossuary |   9.0 |   9.0 |   N/A |   N/A |   3.8 | 173.0
        Bailey |   4.0 |   4.0 |   N/A |   N/A |  27.4 | 1243.0
               +-------+-------+-------+-------+-------+----------------------

Table legend: (Time is in decaauts)
 A = Elapsed time spent in this place.
 B = Non-inter-level travel time spent in this place.
 C = Inter-level travel time spent in this place.
 D = Time resting spent in this place.
 E = Time spent auto-exploring this place.
 F = Levels seen in this place.
 G = Mean time per level.
                   A        B        C        D        E       F      G
               +--------+--------+--------+--------+--------+-----+--------+
         Total |   6688 |   6490 |    198 |    524 |   4504 |  10 |  668.8 |
       Dungeon |   5590 |   5392 |    198 |    284 |   4043 |   7 |  798.6 |
         Sewer |    375 |    375 |      0 |      0 |    229 |   1 |  375.0 |
       Ossuary |    569 |    569 |      0 |    170 |    227 |   1 |  569.0 |
        Bailey |    153 |    153 |      0 |     70 |      4 |   1 |  153.0 |
               +--------+--------+--------+--------+--------+-----+--------+

Top non-repeatable levels by time:
     D:5: 1430 daAuts
     D:3: 1066 daAuts
     D:2: 785 daAuts
     D:4: 732 daAuts
     D:6: 731 daAuts
     D:1: 689 daAuts
 Ossuary: 569 daAuts
   Sewer: 375 daAuts
     D:7: 153 daAuts
  Bailey: 153 daAuts
